 Dungeon Crawl Stone Soup version 0.29-a0-495-g17b79114eb (webtiles) character file.

Game seed: 10886284966709348943

440 YayAnonymity the Shield-Bearer (level 7, 0/59 HPs)
             Began as a Gnoll Fighter on May 27, 2022.
             Succumbed to a water moccasin's poison
             ... on level 5 of the Dungeon.
             The game lasted 00:06:03 (4306 turns).

YayAnonymity the Shield-Bearer (Gnoll Fighter)      Turns: 4306, Time: 00:06:04

Health: 0/59       AC: 13    Str: 18    XL:     7   Next: 2%
Magic:  10/10      EV: 10    Int:  7    God:
Gold:   181        SH:  5    Dex: 11    Spells: 10/10 levels left

rFire   . . .      SeeInvis .   b - +1 dagger (venom)
rCold   . . .      Faith    .   c - +0 buckler
rNeg    . . .      Spirit   .   m - +0 scale mail
rPois   .          Reflect  .   o - +0 helmet
rElec   .          Harm     .   s - +0 cloak
rCorr   .          Rampage  .   C - +2 pair of gloves
Will    .....                   (no boots)
Stlth   ..........              (no amulet)
HPRegen 0.19/turn               (no ring)
MPRegen 0.12/turn               (no ring)

@: lethally poisoned (0 -> -11)
A: fangs 1, strong nose, distributed training
a: no special abilities


You were on level 5 of the Dungeon.
You visited 1 branch of the dungeon, and saw 5 of its levels.

You collected 181 gold pieces.

Inventory:

Hand Weapons
 a - a +0 flail
 b - a +1 dagger of venom (weapon)
 F - a +0 morningstar
Missiles
 e - 9 poisoned darts (quivered)
 E - 2 silver boomerangs
Armour
 c - a +0 buckler (worn)
 m - a +0 scale mail (worn)
 o - a +0 helmet (worn)
 s - a +0 cloak (worn)
 C - a +2 pair of gloves (worn)
Wands
 A - a wand of paralysis (4)
Scrolls
 g - 4 scrolls of noise
 h - 4 scrolls of teleportation
 n - 2 scrolls of amnesia
 D - a scroll of acquirement {unknown}
Potions
 d - 3 potions of might
 f - a potion of flight
 k - a potion of magic {unknown}
 l - a potion of berserk rage {unknown}
 p - a potion of degeneration {unknown}
 q - 3 potions of heal wounds
 t - 2 potions of attraction
 w - a potion of lignification {unknown}
 z - 2 potions of curing


   Skills:
 + Level 6.9 Fighting
 + Level 2.2 Short Blades
 + Level 2.2 Long Blades
 + Level 2.2 Axes
 + Level 5.1 Maces & Flails
 + Level 2.2 Polearms
 + Level 2.2 Staves
 + Level 2.2 Slings
 + Level 2.2 Bows
 + Level 2.2 Crossbows
 + Level 2.2 Throwing
 + Level 6.9 Armour
 + Level 2.2 Dodging
 + Level 2.2 Stealth
 + Level 6.9 Shields
 + Level 2.2 Unarmed Combat
 + Level 2.2 Spellcasting
 + Level 1.8 Conjurations
 + Level 1.8 Hexes
 + Level 1.8 Summonings
 + Level 1.8 Necromancy
 + Level 1.8 Translocations
 + Level 1.8 Transmutations
 + Level 1.8 Fire Magic
 + Level 1.8 Ice Magic
 + Level 1.8 Air Magic
 + Level 1.8 Earth Magic
 + Level 1.8 Poison Magic
 + Level 2.4 Invocations
 + Level 2.2 Evocations


You had 10 spell levels left.
You didn't know any spells.
Your spell library contained the following spells:

 Spells                   Type           Power      Damage    Failure   Level
 Sublimation of Blood     Necr           3%         N/A       67%         2
 Wereblood                Tmut           3%         N/A       67%         2
 Summon Hydra             Summ           1%         N/A       100%        7


Dungeon Overview and Level Annotations

Branches:
Dungeon (5/15)             Temple (0/1) D:5

Altars:

Annotations:
D:5 Eustachio


Innate Abilities, Weirdness & Mutations

You have very sharp teeth.
Your uncanny sense of smell can sniff out nearby items.
Your experience applies equally to all skills.


Message History

The water moccasin is lightly wounded.
The water moccasin bites you!
Eustachio mumbles some strange words.
Eustachio blinks!
The white imp lashes its tail.
The white imp gestures at you.
The puff of frost hits you but does no damage.
You barely miss the water moccasin.
The water moccasin is lightly wounded.
The water moccasin bites you!
You are poisoned.
The water moccasin poisons you!
You closely miss the water moccasin.
The water moccasin is lightly wounded.
You feel very sick.
The water moccasin bites you but does no damage.
The white imp gestures at you. The puff of frost misses you.
The puff of frost misses the water moccasin.
The puff of frost hits the phantom.
The phantom resists.
The water moccasin bites you.
You are more poisoned.
The water moccasin poisons you!
You closely miss the water moccasin.
The water moccasin is lightly wounded.
You feel very sick. The water moccasin bites you.
The water moccasin attacks as you move away!
The water moccasin bites you but does no damage.
* * * LOW HITPOINT WARNING * * *
You feel very sick.
* * * LOW HITPOINT WARNING * * *
You feel very sick. The water moccasin misses you.
The white imp barely misses you.
* * * LOW HITPOINT WARNING * * *
You feel very sick. The white imp gestures at you. The puff of frost hits you.
* * * LOW HITPOINT WARNING * * *
You die...

*,,,,,,,,,*
#.#*,#<#,,,*,***,**
*,,,,,,,,,* #.##..#.......,,,*
*,,,.,∆,,,* #.##.###......,,**
*>,,...,,,* #.##..#,#..###*,*
**,,..|..####.##.#.#*).# *,***
*,,.>...@..W5.....#*,l#***,,,,
*,,......###S.#....,,,.,,,,,,,
***...##,,*##.#**∆#***##******
*.*888*,* #@# *,* **8,,,8,*
#.# *,* *8,>,,,* #.# *,*
*8,,,8** #.# *,* **888** #.#
*,* *,**** #.# *,* *,* #.# *,*
*,* #.# *,* ***** *,*** #.#
*,***,,,******


You could see a water moccasin, a phantom and a white imp.

Vanquished Creatures
  Sigmund (D:2)
  A hound (D:4)
  A jelly (D:4)
  2 iguanas (D:4)
  Robin (D:2)
  4 adders
  2 worms
  A dart slug (D:1)
  5 orcs
  4 bats
  8 endoplasms
  7 giant cockroaches
  8 hobgoblins
  9 jackals
  2 kobolds
  7 quokkas
  6 ball pythons
  5 frilled lizards
  14 goblins
  6 rats
94 creatures vanquished.

Notes
Turn   | Place    | Note
-------+----------+-------------------------------------------
     0 | D:1      | YayAnonymity the Gnoll Fighter began the quest for the Orb.
     0 | D:1      | Reached XP level 1. HP: 23/23 MP: 1/1
   123 | D:1      | Found a faded altar of an unknown god.
   144 | D:1      | Reached XP level 2. HP: 29/29 MP: 2/2
   508 | D:1      | Reached XP level 3. HP: 35/35 MP: 3/3
   970 | D:1      | Reached skill level 1 in Invocations
  1088 | D:2      | Noticed Robin
  1176 | D:2      | Killed Robin
  1177 | D:2      | Reached skill level 1 in Short Blades
  1177 | D:2      | Reached skill level 1 in Long Blades
  1177 | D:2      | Reached skill level 1 in Axes
  1177 | D:2      | Reached skill level 1 in Polearms
  1177 | D:2      | Reached skill level 1 in Staves
  1177 | D:2      | Reached skill level 1 in Slings
  1177 | D:2      | Reached skill level 1 in Bows
  1177 | D:2      | Reached skill level 1 in Crossbows
  1177 | D:2      | Reached skill level 1 in Throwing
  1177 | D:2      | Reached skill level 1 in Dodging
  1177 | D:2      | Reached skill level 1 in Stealth
  1177 | D:2      | Reached skill level 1 in Unarmed Combat
  1177 | D:2      | Reached skill level 1 in Spellcasting
  1177 | D:2      | Reached skill level 1 in Evocations
  1177 | D:2      | Reached XP level 4. HP: 38/41 MP: 5/5
  1593 | D:2      | Reached skill level 1 in Conjurations
  1593 | D:2      | Reached skill level 1 in Hexes
  1593 | D:2      | Reached skill level 1 in Summonings
  1593 | D:2      | Reached skill level 1 in Necromancy
  1593 | D:2      | Reached skill level 1 in Translocations
  1593 | D:2      | Reached skill level 1 in Transmutations
  1593 | D:2      | Reached skill level 1 in Fire Magic
  1593 | D:2      | Reached skill level 1 in Ice Magic
  1593 | D:2      | Reached skill level 1 in Air Magic
  1593 | D:2      | Reached skill level 1 in Earth Magic
  1593 | D:2      | Reached skill level 1 in Poison Magic
  1704 | D:2      | Noticed Sigmund
  1715 | D:2      | Killed Sigmund
  1716 | D:2      | Reached XP level 5. HP: 46/47 MP: 5/7
  1716 | D:2      | Reached XP level 6. HP: 52/53 MP: 5/8
  2172 | D:3      | Reached skill level 5 in Maces & Flails
  3074 | D:4      | Paralysed by a goblin for 4 turns
  3739 | D:4      | Reached XP level 7. HP: 43/59 MP: 10/10
  4158 | D:5      | Entered Level 5 of the Dungeon
  4158 | D:5      | Noticed Eustachio
  4306 | D:5      | Succumbed to a water moccasin's poison

Illustrated notes

Levels and vault maps discovered:
D:1:      psy_arrival_radial02, layout_loops_ring,
          hellmonk_ecumenical_altar_run_dry, nrook_mini_backslash
D:2:      layout_basic, uniq_sigmund, uniq_robin
D:3:      layout_basic
D:4:      layout_basic, amcnicky_mini_pool_small
D:5:      layout_loops_ring, minmay_temple_entry_statues,
          gup_sewer_entry_bubbles, uniq_eustachio

Skill      XL: |  1  2  3  4  5  6 |
---------------+-------------------+-----
Invocations    | 1 2 |  2.4
Short Blades   | 1 2 |  2.2
Long Blades    | 1 2 |  2.2
Axes           | 1 2 |  2.2
Polearms       | 1 2 |  2.2
Staves         | 1 2 |  2.2
Slings         | 1 2 |  2.2
Bows           | 1 2 |  2.2
Crossbows      | 1 2 |  2.2
Throwing       | 1 2 |  2.2
Dodging        | 1 2 |  2.2
Stealth        | 1 2 |  2.2
Unarmed Combat | 1 2 |  2.2
Spellcasting   | 1 2 |  2.2
Evocations     | 1 2 |  2.2
Conjurations   | 1 |  1.8
Hexes          | 1 |  1.8
Summonings     | 1 |  1.8
Necromancy     | 1 |  1.8
Translocations | 1 |  1.8
Transmutations | 1 |  1.8
Fire Magic     | 1 |  1.8
Ice Magic      | 1 |  1.8
Air Magic      | 1 |  1.8
Earth Magic    | 1 |  1.8
Poison Magic   | 1 |  1.8
Maces & Flails | 5 |  5.1
Fighting       | |  6.9
Armour         | |  6.9
Shields        | |  6.9

Action                   |  1- 3 |  4- 6 |  7- 9 || total
-------------------------+-------+-------+-------++-------
Melee: Flail             |    95 |       |       ||    95
       Bite              |     5 |    22 |     1 ||    28
       Dagger            |    14 |   176 |    29 ||   219
Throw: Dart              |       |     3 |       ||     3
  Use: Scroll            |       |       |    14 ||    14
Armor: Scale mail        |    69 |    48 |    13 ||   130
Dodge: Dodged            |    61 |    65 |    13 ||   139
Block: Buckler           |    41 |    36 |     8 ||    85

Table legend: (Time is in decaauts)
 A = Elapsed time spent in this place.
 B = Non-inter-level travel time spent in this place.
 C = Inter-level travel time spent in this place.
 D = Time resting spent in this place.
 E = Time spent auto-exploring this place.
 F = Levels seen in this place.
 G = Mean time per level.
                   A        B        C        D        E       F      G
               +--------+--------+--------+--------+--------+-----+--------+
         Total |   4324 |   4117 |    207 |    258 |   3088 |   5 |  864.8 |
       Dungeon |   4324 |   4117 |    207 |    258 |   3088 |   5 |  864.8 |
               +--------+--------+--------+--------+--------+-----+--------+

Top non-repeatable levels by time:
     D:4: 1449 daAuts
     D:1: 1107 daAuts
     D:2: 957 daAuts
     D:3: 714 daAuts
     D:5: 93 daAuts
